 Dungeon Crawl Stone Soup version 0.21.1-1-g345015fe64 (webtiles) character file.

329 Gargoyl the Skirmisher (level 6, -3/52 HPs)
             Began as a Centaur Abyssal Knight on May 10, 2018.
             Was a Believer of Lugonu.
             Splashed by Ijyb's acid (11 damage)
             ... on level 3 of the Dungeon.
             The game lasted 00:05:01 (2761 turns).

Gargoyl the Skirmisher (Centaur Abyssal Knight)     Turns: 2761, Time: 00:05:01

Health: -3/52      AC:  3    Str: 15    XL:     6   Next: 25%
Magic:  8/8        EV:  7    Int: 11    God:    Lugonu [**....]
Gold:   164        SH:  5    Dex: 10    Spells: 5/5 levels left

rFire    . . .     SeeInvis .   a - +1 hand axe
rCold    . . .     Gourm    .   (no shield)
rNeg     . . .     Faith    .   q - +1 scale mail
rPois    +         Spirit   .   (no helmet)
rElec    .         Reflect  +   (no cloak)
rCorr    .         Harm     .   (no gloves)
MR       .....     Rnd*Tele +   (no barding)
Stlth    ..........             g - +5 amulet of reflection
HPRegen  0.17/turn              d - ring of poison resistance
MPRegen  0.11/turn              k - ring of teleportation (curse)

@: corroded, very quick
A: large, hooves 3, deformed body, speed 2, tough skin 3
a: Depart the Abyss, Bend Space, Renounce Religion


You were on level 3 of the Dungeon.
You worshipped Lugonu.
Lugonu was pleased with you.
You were not hungry.

You visited 1 branch of the dungeon, and saw 3 of its levels.
You visited the Abyss 1 time.

You collected 164 gold pieces.

Inventory:

Hand Weapons
 a - a +1 hand axe (weapon)
Missiles
 m - 8 tomahawks (quivered)
Armour
 q - a +1 scale mail (worn)
Jewellery
 d - a ring of poison resistance (left hand)
 g - a +5 amulet of reflection (around neck)
 k - a cursed ring of teleportation (right hand)
Scrolls
 b - a scroll of amnesia {unknown}
 e - a scroll of fog
 j - 2 scrolls of identify
 n - a scroll of teleportation
Potions
 f - a potion of flight
 h - a potion of heal wounds
 i - a potion of might
 l - a potion of brilliance {unknown}
Comestibles
 c - 9 rations
 o - a chunk of flesh


   Skills:
 + Level 4.1 Fighting
 + Level 3.3 Axes
 * Level 3.0 Armour
 + Level 1.2 Dodging
 * Level 3.3 Invocations


You had 5 spell levels left.
You didn't know any spells.

Dungeon Overview and Level Annotations

Branches:
Dungeon (3/15)

Altars:

Annotations:
D:3 Ijyb


Innate Abilities, Weirdness & Mutations

You have hooves in place of feet.
Armour fits poorly on your strangely shaped body.
You cover ground very quickly.
You have extremely tough skin. (AC +3)


Message History

You see here a worm corpse.
Things that are here:
a scythe; a robe; the human corpse of Sigmund You butcher the human corpse of Sigmund.
o - 2 chunks of flesh
Things that are here:
a scythe; a robe You start resting.
Eating one of 2 chunks of flesh.
You eat one of the 2 chunks of flesh.
This raw flesh tastes terrible.
HP restored.
Ijyb the Twisted Goblin comes into view.
She is wielding a dagger.
Ijyb is nearby!
Ijyb zaps a wand.
The bolt of acid misses you.
It is a wand of acid (7).
Ijyb zaps a wand.
The bolt of acid hits you! The acid corrodes you!
You are splashed with acid!
The acid burns!
You closely miss Ijyb.
Ijyb zaps a wand.
The bolt of acid hits you!
* * * LOW HITPOINT WARNING * * *
You are splashed with acid!
The acid burns!
You die...

######### #.......#
#.#####.########
#.#####.##.....#
#.....#....###.##
#.#.########.#.#........
#.....g@.....#........##
#............#.#†.......
+............#..)....#.#
#................#..#...
#...........######.†#..#
###########......#.....#
######.#....## #.#.....#
#.#..#..#


You could see Ijyb.

Vanquished Creatures
  Sigmund (D:3)
  Terence (D:2)
  Natasha (thrice) (D:2)
  3 adders
  A worm (D:3)
  2 dart slugs (D:2)
  A ball python (D:2)
  6 bats
  6 goblins
  A hobgoblin (D:2)
  5 jackals
  3 frilled lizards
  6 kobolds
  6 rats
45 creatures vanquished.

Notes
Turn   | Place    | Note
-------+----------+-------------------------------------------
     0 | Abyss:1  | Gargoyl the Centaur Abyssal Knight began the quest for the Orb.
     0 | Abyss:1  | Reached XP level 1. HP: 19/19 MP: 2/2
    55 | Abyss:2  | Found a corrupted altar of Lugonu.
    90 | Abyss:2  | Noticed a large abomination
   105 | Abyss:3  | Found an ancient bone altar of Kikubaaqudgha.
   105 | Abyss:3  | Found a corrupted altar of Lugonu.
   121 | Abyss:3  | Noticed a large abomination
   160 | Abyss:4  | Noticed a hell hound
   163 | Abyss:4  | Noticed an insubstantial wisp
   163 | Abyss:4  | Noticed a large abomination
   163 | D:1      | Escaped the Abyss
   433 | D:1      | Reached XP level 2. HP: 25/26 MP: 3/3
   480 | D:1      | Reached * piety under Lugonu
   954 | D:2      | Noticed Natasha
   960 | D:2      | Killed Natasha
   960 | D:2      | Reached XP level 3. HP: 12/33 MP: 4/4
  1053 | D:2      | Noticed Natasha
  1066 | D:2      | Killed Natasha
  1066 | D:2      | Reached XP level 4. HP: 3/40 MP: 5/5
  1511 | D:2      | Noticed Natasha
  1521 | D:2      | Killed Natasha
  1657 | D:2      | Reached skill level 4 in Fighting
  1657 | D:2      | Reached skill level 1 in Dodging
  2212 | D:2      | Noticed Terence
  2222 | D:2      | Killed Terence
  2222 | D:2      | Reached XP level 5. HP: 19/46 MP: 7/7
  2608 | D:3      | Noticed Sigmund
  2626 | D:3      | Killed Sigmund
  2626 | D:3      | Reached ** piety under Lugonu
  2626 | D:3      | Reached XP level 6. HP: 33/52 MP: 8/8
  2756 | D:3      | Noticed Ijyb
  2761 | D:3      | Splashed by Ijyb's acid

Skill      XL: |  1  2  3  4  5  6 |
---------------+-------------------+-----
Axes           | 2 3 |  3.3
Armour         | 2 3 |  3.0
Fighting       | 4 |  4.1
Dodging        | 1 |  1.2
Invocations    | 3 |  3.3

Action                   |  1- 3 |  4- 6 || total
-------------------------+-------+-------++-------
Melee: Hand axe          |    67 |    95 ||   162
       Kick              |     8 |    12 ||    20
Invok: Depart the Abyss  |     1 |       ||     1
  Use: Scroll            |     5 |     4 ||     9
       Potion            |     1 |     1 ||     2
  Eat: Chunk             |       |     5 ||     5
Armor: Leather armour    |    27 |    25 ||    52
       Scale mail        |       |    28 ||    28
Dodge: Dodged            |    24 |    38 ||    62
Block: Other             |    18 |    30 ||    48
       Reflection        |     1 |       ||     1
